 Dungeon Crawl Stone Soup version 0.32-a0-675-gdc239d62e1 (webtiles) character file.

Game seed: 7535301468960612011

91 AeshMezareph the Grave Robber (level 4, -2/32 HPs)
             Began as a Demonspawn Necromancer on Mar 11, 2024.
             Slain by a phantom (7 damage)
             ... on level 5 of the Dungeon.
             The game lasted 00:11:07 (2796 turns).

AeshMezareph the Grave Robber (DsNe)                Turns: 2796, Time: 00:11:08

Health: -2/32      AC:  2    Str:  8    XL:     4   Next: 33%
Magic:  8/8        EV: 12    Int: 17    God:
Gold:   170        SH:  0    Dex: 14    Spells: 4/8 levels left

rFire   . . .        d - +0 dagger
rCold   . . .        (no shield)
rNeg    . . .        a - +0 robe
rPois   .            (no helmet)
rElec   .            (no cloak)
rCorr   .            (no gloves)
SInv    +            (no boots)
Will    .....        (no amulet)
Stlth   ++           o - ring of see invisible
HPRegen 0.25/turn    (no ring)
MPRegen 0.11/turn

%: no passive effects
@: no status effects
A: hooves 2, weakness stinger 1, screaming 1
a: no special abilities


You were on level 5 of the Dungeon.
You visited 1 branch of the dungeon, and saw 5 of its levels.

You collected 170 gold pieces.

Inventory:

Hand Weapons
 c - a +0 mace
 d - a +0 dagger (weapon)
Missiles
 i - 3 poisoned darts
Armour
 a - a +0 robe (worn)
Magical Staves
 g - a staff of alchemy
Jewellery
 m - a ring of fire
 o - a ring of see invisible (left hand)
 s - a ring of protection from fire
Scrolls
 e - a scroll of blinking {unknown}
 j - a scroll of noise {unknown}
 l - a scroll of identify {unknown}
 n - a scroll of fear {unknown}
 p - 2 scrolls of vulnerability {unknown}
 q - a scroll of poison {unknown}
 r - a scroll of teleportation {unknown}
Potions
 b - a potion of magic
 h - a potion of curing {unknown}
 k - a potion of enlightenment {unknown}


   Skills:
 + Level 1.1 Fighting
 + Level 1.0 Short Blades
 + Level 2.1 Dodging
 + Level 2.2 Stealth
 * Level 2.6 Spellcasting
 * Level 5.0 Necromancy


You had 4 spell levels left.
You knew the following spells:

 Your Spells              Type           Power      Damage    Failure   Level
a - Necrotise             Necr           76%        1d7       2%          1
b - Vampiric Draining     Necr           19%        2d7       7%          3

Your spell library contained the following spells:

 Spells                   Type           Power      Damage    Failure   Level
 Foxfire                  Conj/Fire      8%         2x1d4     19%         1
 Animate Dead             Necr           19%        N/A       22%         4
 Curse of Agony           Necr           19%        N/A       54%         5
 Plasma Beam              Fire/Air       1%         2x1d11    100%        6
 Starburst                Conj/Fire      1%         6d3       100%        6


Dungeon Overview and Level Annotations

Branches:
Dungeon (5/15)
 Temple: D:4-7

Altars:
Makhleb

Shops:
D:1 [


Innate Abilities, Weirdness & Mutations

You have hoof-like feet.
You have a small tail.
You occasionally shout uncontrollably at your foes.


Message History

You hear a shout!
The phantom completely misses you.
An orc priest comes into view. It is wielding a +0 hand axe.
You hear a shout!
The orc priest shouts!
The orc priest shouts, "The Pantheon deserves no one's loyalty.
Let us show you the true path!" (press Y on the ability menu to convert to Beogh) Unknown command.
The phantom hits you.
The phantom blinks!
You blink.
Unknown command.
Unknown command.
Unknown command.
Found a helmet.
Unknown command.
The phantom attacks as it pursues you! The phantom hits you.
* * * LOW HITPOINT WARNING * * *
Unknown command.
Unknown command.
Unknown command.
The phantom attacks as it pursues you! The phantom hits you.
* * * LOW HITPOINT WARNING * * *
Unknown command.
Unknown command.
There is a stone staircase leading down here.
Unknown command.
The phantom completely misses you.
You climb downwards.
Found a white potion.
Found a stone staircase leading down.
There is a stone staircase leading up here.
Unknown command.
The helpless hound fails to defend itself.
You puncture the hound! You kick the hound.
Your tail-slap misses the hound.
The hound is heavily wounded.
The phantom hits you.
* * * LOW HITPOINT WARNING * * *
The phantom blinks!
You blink.
Unknown command.
It was a potion of mutation.
You feel extremely strange.
You feel the urge to shout.
You feel clumsy.
You feel agile. The phantom hits you!
You die...

.. . .. .. ##.
#.. #.. #...#..
#.... #.#.#..####
# +
.......@W.##.#..#
########h.§......
#.§.......
#...........
#...#.....!...
#.. #.........
... .........> .#
.#.........
##.#.......


You could see a phantom and a hound.

Vanquished Creatures
  4 adders (D:2)
  2 dart slugs
  5 bats
  4 endoplasms
  A giant cockroach (D:1)
  A hobgoblin (D:1)
  6 jackals
  5 kobolds
  6 quokkas
  2 ball pythons
  3 frilled lizards
  6 goblins
  2 rats
47 creatures vanquished.

Vanquished Creatures (collateral kills)
  A frilled lizard (D:1)
1 creature vanquished.

Grand Total: 48 creatures vanquished

Notes
Turn   | Place    | Note
-------+----------+-------------------------------------------
     0 | D:1      | AeshMezareph the Demonspawn Necromancer began the quest for
                  | the Orb.
     0 | D:1      | Reached XP level 1. HP: 13/13 MP: 3/3
   150 | D:1      | Discovered your monstrous ancestry.
   150 | D:1      | Gained mutation: You have large cloven feet. [demonic
                  | ancestry]
   150 | D:1      | Reached XP level 2. HP: 19/20 MP: 0/5
   406 | D:1      | Found Avuist's Armour Boutique.
   681 | D:2      | Gained mutation: You have a small tail. [demonic ancestry]
   681 | D:2      | Reached XP level 3. HP: 9/25 MP: 1/6
   958 | D:2      | Learned a level 3 spell: Vampiric Draining
  1054 | D:2      | Reached skill level 1 in Fighting
  1194 | D:2      | Found a faded altar of an unknown god.
  1333 | D:2      | Reached skill level 5 in Necromancy
  1363 | D:2      | Gained mutation: You have hoof-like feet. [demonic
                  | ancestry]
  1363 | D:2      | Reached XP level 4. HP: 32/32 MP: 4/7
  2028 | D:3      | Noticed an orc warrior
  2284 | D:3      | Reached skill level 1 in Short Blades
  2327 | D:3      | Found a burning altar of Makhleb.
  2761 | D:4      | Noticed a phantom
  2794 | D:5      | Entered Level 5 of the Dungeon
  2796 | D:5      | Gained mutation: You occasionally shout uncontrollably at
                  | your foes. [potion of mutation]
  2796 | D:5      | Gained mutation: You are clumsy. (Dex -2) [potion of
                  | mutation]
  2796 | D:5      | Lost mutation: You are clumsy. (Dex -2) [potion of
                  | mutation]
  2796 | D:5      | Slain by a phantom

Illustrated notes

Levels and vault maps discovered:
D:1:      amcnicky_arrival_single_pillar, layout_basic, serial_shops,
          nicolae_shop_real_fake_doors
D:2:      layout_loops_corners, chequers_ecumenical_altar_lobes
D:3:      layout_loops_cross, lightli_temple_of_fire, nrook_uturn,
          kennysheep_generic_room_16
D:4:      layout_loops_ring, minmay_ogre_servants, uniq_ijyb, uniq_grinder
D:5:      nicolae_cairo_tiling_large, layout_cave_pools, minmay_misc_feat_alley,
          minmay_manual_mail

Skill      XL: |  1  2  3  4 |
---------------+-------------+-----
Stealth        | 2 |  2.2
Dodging        | 2 |  2.1
Fighting       | 1 |  1.1
Necromancy     | 5 |  5.0
Short Blades   | 1 |  1.0
Spellcasting   | |  2.6

Action                     |  1- 3 |  4- 6 || total
---------------------------+-------+-------++-------
  Melee: Dagger            |    40 |    50 ||    90
         Kick              |     5 |    11 ||    16
         Tailslap          |     1 |     3 ||     4
   Cast: Necrotise         |    39 |     2 ||    41
    Use: Potion            |       |     1 ||     1
   Stab: Sleeping          |     2 |     3 ||     5
         Distracted        |       |     1 ||     1
 Armour: Robe              |    24 |    33 ||    57
  Dodge: Dodged            |    40 |    28 ||    68

Table legend: (Time is in decaauts)
 A = Elapsed time spent in this place.
 B = Non-inter-level travel time spent in this place.
 C = Inter-level travel time spent in this place.
 D = Time resting spent in this place.
 E = Time spent auto-exploring this place.
 F = Levels seen in this place.
 G = Mean time per level.
                   A        B        C        D        E       F      G
               +--------+--------+--------+--------+--------+-----+--------+
         Total |   2790 |   2364 |    426 |     89 |   1784 |   5 |  558.0 |
       Dungeon |   2790 |   2364 |    426 |     89 |   1784 |   5 |  558.0 |
               +--------+--------+--------+--------+--------+-----+--------+

Top non-repeatable levels by time:
     D:2: 1304 daAuts
     D:3: 796 daAuts
     D:1: 652 daAuts
     D:4: 34 daAuts
     D:5: 1 daAuts
